 Dungeon Crawl Stone Soup version 0.29.0 (webtiles) character file.

Game seed: 9890501216208578149

261 bonscott the Grave Robber (level 5, -1/28 HPs)
             Began as a Deep Elf Necromancer on Sept 11, 2022.
             Killed from afar by a white imp (10 damage)
             ... with a puff of frost
             ... on level 5 of the Dungeon.
             The game lasted 00:14:41 (4404 turns).

bonscott the Grave Robber (Deep Elf Necromancer)    Turns: 4404, Time: 00:14:42

Health: -1/28      AC:  3    Str:  5    XL:     5   Next: 96%
Magic:  15/15      EV: 12    Int: 22    God:
Gold:   123        SH:  0    Dex: 15    Spells: 12/16 levels left

rFire   . . .      SeeInvis .   x - +1 short sword (elec)
rCold   . . .      Faith    .   (no shield)
rNeg    . . .      Spirit   .   a - +0 robe
rPois   .          Reflect  .   (no helmet)
rElec   .          Harm     .   (no cloak)
rCorr   .          Rampage  .   (no gloves)
Will    .....                   u - +0 pair of boots
Stlth   ++........              (no amulet)
HPRegen 0.09/turn               (no ring)
MPRegen 0.14/turn               (no ring)

@: no status effects
A: no striking features
a: no special abilities


You were on level 5 of the Dungeon.
You visited 1 branch of the dungeon, and saw 5 of its levels.

You collected 123 gold pieces.

Inventory:

Hand Weapons
 g - a +0 dagger
 o - a +0 scimitar
 s - a +1 hand axe of freezing
 x - a +1 short sword of electrocution (weapon)
Missiles
 c - 21 stones
 m - 9 poisoned darts
Armour
 a - a +0 robe (worn)
 h - a +0 leather armour
 l - a +0 ring mail
 q - a +0 pair of boots
 u - a +0 pair of boots (worn)
 y - a +0 leather armour of poison resistance
Wands
 A - a wand of paralysis (12)
Scrolls
 e - a scroll of brand weapon {unknown}
 f - 2 scrolls of teleportation
 n - a scroll of identify {unknown}
 r - a scroll of silence {unknown}
 w - a scroll of fog {unknown}
 z - a scroll of blinking {unknown}
Potions
 b - 2 potions of magic
 d - a potion of flight {unknown}
 i - 3 potions of mutation {unknown}
 j - 3 potions of might {unknown}
 k - a potion of ambrosia {unknown}
 p - a potion of haste {unknown}
 t - a potion of attraction {unknown}
 v - a potion of heal wounds {unknown}


   Skills:
 + Level 0.3 Armour
 - Level 2.4 Dodging
 - Level 2.4 Stealth
 - Level 6.2 Spellcasting
 - Level 7.0 Necromancy


You had 12 spell levels left.
You knew the following spells:

 Your Spells              Type           Power      Damage    Failure   Level
i - Necrotise             Necr           100%       1d9       1%          1
m - Vampiric Draining     Necr           37%        2d8       1%          3

Your spell library contained the following spells:

 Spells                   Type           Power      Damage    Failure   Level
 Animate Dead             Necr           37%        N/A       4%          4
 Ensorcelled Hibernation  Hex/Ice        12%        N/A       14%         2
 Agony                    Necr           37%        N/A       14%         5
 Anguish                  Hex/Necr       11%        N/A       22%         4
 Spider Form              Tmut/Pois      6%         N/A       26%         3
 Stone Arrow              Conj/Erth      12%        3d7       26%         3
 Animate Armour           Summ/Erth      12%        N/A       65%         4
 Olgreb's Toxic Radiance  Pois           6%         N/A       65%         4
 Ozocubu's Refrigeration  Ice            3%         4d8       100%        7
 Ignition                 Fire           3%         3d4       100%        8
 Lehudib's Crystal Spear  Conj/Erth      3%         10d2      100%        8


Dungeon Overview and Level Annotations

Branches:
Dungeon (5/15)
 Temple: D:4-7

Altars:
Okawaru
Zin

Annotations:
D:4 Grinder, Menkaure


Message History

Your adder skeleton barely misses the white imp.
The white imp hits your adder skeleton.
The white imp freezes your adder skeleton.
Your adder skeleton completely resists.
Your adder skeleton barely misses the white imp.
The white imp hits your adder skeleton.
The white imp freezes your adder skeleton.
Your adder skeleton completely resists.
Your adder skeleton bites the white imp.
The white imp hits your adder skeleton.
Your adder skeleton is destroyed!
The white imp closely misses you.
You closely miss the white imp.
The white imp is lightly wounded.
The white imp hits you but does no damage.
You hit the white imp but do no damage.
The white imp is lightly wounded.
The white imp hits you. The white imp freezes you.
You barely miss the white imp.
The white imp is lightly wounded.
The white imp hits you but does no damage.
A jackal comes into view. x2
The jackal barks! x2
You hit the white imp.
The white imp is heavily wounded.
You hear a bark!
A jackal comes into view. x2
The white imp sputters.
The white imp gestures at you. The puff of frost hits you!
* * * LOW HITPOINT WARNING * * *
You barely miss the white imp.
The white imp is heavily wounded.
The white imp gestures at you. The puff of frost misses you.
You completely miss the white imp.
The white imp is heavily wounded.
The white imp gestures at you. The puff of frost hits you!
You die...

.#.. h. .#. .h.
..#...# ..#h..#
###.......
...h..##.
########.5.....#
#......#@#
#......#.#
#<..#..#.#
#.#.#..#.#
#.#.#..#.#
#...#..#.#
##.##..#.#
#......#.#
###########.#.#


You could see a white imp and 4 jackals.

Vanquished Creatures
  Ijyb (D:4)
  Natasha (twice) (D:4)
  3 gnolls (D:4)
  7 adders
  2 worms (D:2)
  2 dart slugs
  5 orcs
  9 endoplasms
  9 goblins
  3 hobgoblins
  4 jackals (D:3)
  2 quokkas
  8 ball pythons
  7 bats
  7 frilled lizards
  2 kobolds
  4 rats
77 creatures vanquished.

Vanquished Creatures (collateral kills)
  A frilled lizard (D:1)
1 creature vanquished.

Grand Total: 78 creatures vanquished

Notes
Turn   | Place    | Note
-------+----------+-------------------------------------------
     0 | D:1      | bonscott the Deep Elf Necromancer began the quest for the
                  | Orb.
     0 | D:1      | Reached XP level 1. HP: 10/10 MP: 6/6
    87 | D:1      | Reached skill level 5 in Necromancy
   157 | D:1      | Reached XP level 2. HP: 15/15 MP: 4/8
   195 | D:1      | Found a faded altar of an unknown god.
   941 | D:2      | Reached XP level 3. HP: 19/19 MP: 3/10
  1097 | D:2      | Learned a level 3 spell: Vampiric Draining
  2127 | D:2      | Reached XP level 4. HP: 24/24 MP: 8/12
  2200 | D:3      | Reached skill level 6 in Necromancy
  2292 | D:3      | Found a glowing silver altar of Zin.
  2372 | D:3      | Reached skill level 5 in Spellcasting
  3201 | D:4      | Noticed Natasha
  3207 | D:4      | Killed Natasha
  3208 | D:4      | Reached XP level 5. HP: 23/28 MP: 10/15
  3561 | D:4      | Noticed Grinder
  3574 | D:4      | Paralysed by Grinder for 2 turns
  3596 | D:3      | Found an iron altar of Okawaru.
  3772 | D:4      | Paralysed by Grinder for 2 turns
  3796 | D:4      | Noticed Natasha
  3806 | D:4      | Killed Natasha
  3985 | D:4      | Noticed Ijyb
  3990 | D:4      | Killed Ijyb
  3991 | D:4      | Reached skill level 7 in Necromancy
  4036 | D:4      | Noticed a phantom
  4044 | D:4      | Noticed Menkaure
  4084 | D:5      | Entered Level 5 of the Dungeon
  4404 | D:5      | Killed from afar by a white imp

Illustrated notes

Levels and vault maps discovered:
D:1:      dpeg_arrival_fog, layout_basic, hellmonk_ecumenical_altar_arch_garden,
          st_stairs_7, hangedman_decor_opposing, minmay_misc_feat_columns,
          minivault_19
D:2:      layout_basic
D:3:      layout_loops_ring, nicolae_overflow_hidden_temple
D:4:      layout_loops_ring, minmay_temple_entry_ruins, serial_shops,
          nicolae_diamond_shop, nicolae_shop_hallway_plus, uniq_duvessa,
          uniq_grinder, uniq_menkaure, uniq_natasha, uniq_ijyb
D:5:      gammafunk_wand_slinger, layout_basic, nicolae_wu_jian_wuxing_cycle,
          mainiacjoe_overflow_big_doors, lemuel_flamethrower_1

Skill      XL: |  1  2  3  4  5 |
---------------+----------------+-----
Necromancy     | 5 6 7 |  7.0
Spellcasting   | 4 5 6 |  6.2
Armour         | |  0.3
Dodging        | |  2.4
Stealth        | |  2.4

Action                   |  1- 3 |  4- 6 || total
-------------------------+-------+-------++-------
Melee: Short sword       |       |     7 ||     7
Throw: Dart              |       |     2 ||     2
       Stone             |       |     1 ||     1
 Cast: Necrotise         |    64 |    81 ||   145
  Use: Scroll            |     2 |       ||     2
Armor: Robe              |     2 |     5 ||     7
Dodge: Dodged            |     3 |    11 ||    14
